 Dungeon Crawl Stone Soup version 0.25-a0-399-gcf1075a8b3 (webtiles) character file.

Game seed: 17552302886496475385, levelgen mode: deterministic

16093 Inarius the Impaler (level 12, -1/97 HPs)
             Began as a Merfolk Gladiator on Jan 7, 2020.
             Was a High Priest of Okawaru.
             Slain by a minotaur
             ... wielding a +4 mace of holy wrath
              (14 damage)
             ... in a Gauntlet on Jan 8, 2020.
             The game lasted 00:28:38 (15389 turns).

Inarius the Impaler (Merfolk Gladiator)            Turns: 15389, Time: 00:28:38

Health: -1/97      AC: 10    Str: 19    XL:     12   Next: 33%
Magic:  15/19      EV: 17    Int:  8    God:    Okawaru [*****.]
Gold:   213        SH:  0    Dex: 16    Spells: 11/11 levels left

rFire    . . .     SeeInvis +   H - +8 halberd "Vugrudwe" {chop, *Noise Str-2 SInv Stlth+}
rCold    + . .     Gourm    .   (shield currently unavailable)
rNeg     + . .     Faith    .   L - +0 swamp dragon scales
rPois    +         Spirit   .   c - +0 helmet
rElec    +         Reflect  .   (no cloak)
rCorr    .         Harm     .   (no gloves)
MR       +....     NoTele   +   (no boots)
Stlth    ++........             (no amulet)
HPRegen  0.26/turn              h - +3 ring of strength
MPRegen  0.16/turn              S - ring of Morality {*Drain rElec rC+ rN+ MR+}

@: finesse, studying Fighting
A: change form in water, swift swim, stealthy swim
a: Heroism, Finesse, Renounce Religion


You were in a Gauntlet.
You worshipped Okawaru.
Okawaru was extremely pleased with you.
You were not hungry.

You visited 1 branch of the dungeon, and saw 11 of its levels.
You also visited: Ossuary and Gauntlet.

You collected 586 gold pieces.
You spent 373 gold pieces at shops.

Inventory:

Hand Weapons
 a - a +0 trident
 H - the +8 halberd "Vugrudwe" (weapon) {chop, *Noise Str-2 SInv Stlth+}
   (Okawaru gifted it to you on level 11 of the Dungeon)

   It inflicts extra damage upon your enemies.
   It affects your strength (-2).
   It lets you see invisible.
   It may make noises in combat.
   It makes you more stealthy.
Missiles
 d - 4 throwing nets (quivered)
 V - 2 silver javelins
Armour
 b - a +0 leather armour
 c - a +0 helmet (worn)
 g - a +0 ring mail
 n - a +0 scale mail
 D - a +1 chain mail of positive energy
 L - +0 swamp dragon scales (worn)
 O - a +1 leather armour of magic resistance
 T - a +1 chain mail of fire resistance
Jewellery
 h - a +3 ring of strength (left hand)
 z - a +3 ring of strength
 B - an uncursed ring of flight
 F - an uncursed ring of stealth
 S - the ring of Morality (right hand) {*Drain rElec rC+ rN+ MR+}
   (You found it in a Gauntlet)

   [ring of protection from magic]

   It protects you from cold.
   It insulates you from electricity.
   It protects you from negative energy.
   It affects your resistance to hostile enchantments.
   It causes draining when unequipped.
 U - the ring "Vejatzun" {Ice SInv}
   (You found it in a Gauntlet)

   [ring of ice]

   It enhances your ice magic.
   It makes you vulnerable to fire.
   It protects you from cold.
   It lets you see invisible.
Wands
 k - a wand of flame (44)
 P - a wand of enslavement (5)
 R - a wand of random effects (5)
Scrolls
 e - 4 scrolls of amnesia
 j - 2 scrolls of enchant weapon
 l - 2 scrolls of magic mapping
 u - 4 scrolls of enchant armour
 w - 8 scrolls of remove curse
 C - 2 scrolls of immolation
 E - 2 scrolls of fog
 G - 4 scrolls of teleportation
 M - a scroll of noise {unknown}
Potions
 m - a potion of ambrosia
 o - a potion of invisibility
 p - 3 potions of heal wounds
 q - 5 potions of degeneration
 r - 2 potions of brilliance
 s - 2 potions of agility
 t - 3 potions of flight
 v - 5 potions of curing
 A - 5 potions of might
 N - a potion of lignification {unknown}
 Q - 2 potions of resistance {unknown}
Books
 I - a manual of Fighting
Comestibles
 f - 13 rations


   Skills:
 + Level 9.7 Fighting
 + Level 16.1 Polearms
 - Level 2.0 Throwing
 + Level 6.0 Armour
 + Level 9.2 Dodging
 - Level 0.1 Stealth
 + Level 7.3 Invocations
 * Level 9.4 Evocations


You had 11 spell levels left.
You didn't know any spells.
Your spell library contained the following spells:

 Spells                   Type           Power        Failure   Level  Hunger
 Corona                   Hex            #......      56%         1    ##.....
 Ensorcelled Hibernation  Hex/Ice        #.....       71%         2    ###....
 Confuse                  Hex            #.......     91%         3    ####...
 Dazzling Flash           Conj/Hex       #.....       91%         3    ####...
 Tukima's Dance           Hex            #.......     91%         3    ####...


Dungeon Overview and Level Annotations

Branches:
Dungeon (11/15)            Temple (0/1) D:5            Lair (0/6) D:9
Ossuary (visited)         Gauntlet (1/1)
    Orc: D:9-12

Altars:
Dithmenos
Hepliaklqana
Nemelex Xobeh
Okawaru
Wu Jian
Zin
The Shining One

Shops:
D:5 *   D:10 !

Annotations:
D:10 Snorg Gauntlet 6 transporters, 21 runed translucent doors


Message History

* * * LOW HITPOINT WARNING * * *
The minotaur is heavily wounded.
Unknown command.
You puncture the minotaur!
The minotaur is severely wounded.
The minotaur hits you with a +4 mace of holy wrath.
* * * LOW HITPOINT WARNING * * *
The minotaur completely misses you.
Your magical effects are unravelling.
You feel magically purged.
Your magical contamination has completely faded away.
You feel yourself slow down.
Your golden eye blinks at the minotaur.
The minotaur resists with almost no effort.
The minotaur drinks a potion.
The minotaur is healed!
You feel much better.
The minotaur hits you with a +4 mace of holy wrath!!
* * * LOW HITPOINT WARNING * * *
The minotaur gores you!
You die...

##############################
#8# #≈...............≈# #8#
### #8.8.8..©.©..8.8§8# ###
#≈..............§≈#
#########.######### #.#####
#.....# #######.# #@G.((#.#
#H###.#.# #.# #.#.# #.# #.#.#
#.# #.#.# #.# ..#.# #.#####.#
#.......# #########


You could see a minotaur (invisible) and a friendly golden eye.

Vanquished Creatures
  A green death (Gauntlet)
  Erolcha (D:9)
  Harold (D:9)
  A hydra (D:10)
  Erica (D:8)
  A gargoyle (D:11)
  An orange demon (Gauntlet)
  Maggie (D:8)
  An ice devil (Gauntlet)
  A troll (D:10)
  A meliai (D:10)
  2 hippogriffs
  Prince Ribbit (D:8)
  Sigmund (D:2)
  A yak (D:8)
  2 centaur simulacra (Gauntlet)
  A fire bat (D:6)
  Grum (D:10)
  A hungry ghost (D:9)
  An acid dragon (D:11)
  2 water moccasins
  A porcupine (D:8)
  5 orc warriors
  4 ice beasts
  A phantom (D:11)
  4 sky beasts
  An ice dragon simulacrum (Gauntlet)
  4 centaurs
  3 ogres
  4 wolves (D:10)
  A crocodile (D:9)
  2 big kobolds
  5 bullfrogs
  A wyvern skeleton (D:10)
  A hornet simulacrum (Gauntlet)
  5 scorpions
  3 jellies
  5 wights (D:6)
  3 howler monkeys (D:8)
  5 crimson imps
  2 quasits
  5 centaur zombies
  10 orc priests
  3 hounds
  A human zombie (Ossuary)
  2 bullfrog skeletons
  3 centaur skeletons
  4 iguanas
  15 orc wizards
  4 worker ants
  2 killer bee zombies
  A big kobold zombie (Ossuary)
  A hound zombie (Ossuary)
  3 mummies (Ossuary)
  5 worker ant zombies
  Robin (D:2)
  7 gnolls
  A howler monkey skeleton (D:4)
  9 adders
  2 shadow imps
  2 white imps (Gauntlet)
  An ooze (D:3)
  3 adder zombies (Ossuary)
  4 adder skeletons
  A worm (D:4)
  2 dart slugs
  8 leopard geckos
  48 orcs
  4 giant cockroaches
  2 gnoll zombies (Ossuary)
  12 goblins
  11 hobgoblins
  6 jackals
  A quokka (D:6)
  2 ball pythons
  10 bats
  3 frilled lizards
  3 goblin zombies (Ossuary)
  6 hobgoblin zombies (Ossuary)
  4 jackal zombies (Ossuary)
  14 kobolds
  3 kobold zombies (Ossuary)
  A leopard gecko zombie (D:8)
  An orc zombie (Ossuary)
  3 quokka skeletons
  3 quokka zombies (Ossuary)
  5 rats
  5 rat zombies (Ossuary)
  2 demonic plants (Gauntlet)
333 creatures vanquished.

Vanquished Creatures (others)
  3 demonic plants (Gauntlet)
3 creatures vanquished.

Grand Total: 336 creatures vanquished

Notes
Turn   | Place    | Note
-------+----------+-------------------------------------------
     0 | D:1      | Inarius the Merfolk Gladiator began the quest for the Orb.
     0 | D:1      | Reached XP level 1. HP: 16/16 MP: 1/1
   560 | D:1      | Reached skill level 5 in Polearms
   560 | D:1      | Reached XP level 2. HP: 20/22 MP: 2/2
  1276 | D:2      | Reached XP level 3. HP: 27/27 MP: 3/3
  1355 | D:2      | Reached skill level 6 in Polearms
  1362 | D:2      | Reached XP level 4. HP: 24/33 MP: 4/4
  1498 | D:2      | Noticed Sigmund
  1500 | D:2      | Noticed Robin
  1504 | D:2      | Reached skill level 1 in Armour
  1510 | D:2      | Killed Robin
  1769 | D:2      | Killed Sigmund
  1769 | D:2      | Reached skill level 8 in Polearms
  1769 | D:2      | Reached XP level 5. HP: 31/39 MP: 5/5
  1769 | D:2      | Reached XP level 6. HP: 37/46 MP: 6/6
  1911 | D:2      | Found a shadowy altar of Dithmenos.
  2788 | D:3      | Found an iron altar of Okawaru.
  2844 | D:3      | Became a worshipper of Warmaster Okawaru
  2850 | D:3      | Reached skill level 5 in Fighting
  2850 | D:3      | Reached skill level 12 in Polearms
  2850 | D:3      | Reached XP level 7. HP: 56/56 MP: 6/11
  3840 | D:4      | Reached XP level 8. HP: 59/63 MP: 12/12
  3877 | D:4      | Found a glowing silver altar of Zin.
  4313 | D:5      | Entered Level 5 of the Dungeon
  4685 | D:5      | Found Paysoew's General Store.
  4693 | D:5      | Bought a scroll of identify for 26 gold pieces
  4693 | D:5      | Bought a scroll of identify for 26 gold pieces
  4693 | D:5      | Bought a +3 ring of strength for 204 gold pieces
  4825 | D:5      | Reached * piety under Okawaru
  5304 | D:5      | Found a staircase to the Ecumenical Temple.
  5713 | D:6      | Reached skill level 13 in Polearms
  5733 | D:6      | Reached XP level 9. HP: 69/69 MP: 13/13
  6751 | D:6      | Reached ** piety under Okawaru
  7276 | D:7      | Upgraded the game from 0.25-a0-388-g41a7e554cb to
                  | 0.25-a0-399-gcf1075a8b3
  8175 | D:8      | Found a sand-covered staircase.
  8190 | Ossuary  | Entered an ossuary
  8229 | Ossuary  | Reached skill level 5 in Invocations
  8484 | Ossuary  | Reached skill level 14 in Polearms
  8484 | Ossuary  | Reached XP level 10. HP: 77/79 MP: 14/16
  8686 | D:8      | Reached *** piety under Okawaru
  8768 | D:8      | Reached skill level 15 in Polearms
  8768 | D:8      | Reached XP level 11. HP: 62/84 MP: 17/17
  9161 | D:8      | Noticed Erica
  9548 | D:8      | Killed Erica
  9548 | D:8      | Reached skill level 5 in Armour
  9733 | D:8      | Found a glowing golden altar of the Shining One.
  9733 | D:8      | Noticed Prince Ribbit
  9754 | D:8      | Killed Prince Ribbit
  9754 | D:8      | Reached **** piety under Okawaru
  9764 | D:8      | Noticed Maggie
 10282 | D:9      | Noticed Erolcha
 10384 | D:9      | Killed Erolcha
 10415 | D:9      | Noticed Joseph
 10520 | D:9      | Noticed Joseph
 10520 | D:9      | Joseph changed into Joseph the crocodile
 10662 | D:9      | Killed Joseph the crocodile
 10945 | D:9      | Found an ornate altar of the Wu Jian Council.
 10948 | D:9      | Found a hazy altar of Hepliaklqana.
 11192 | D:9      | Found a sparkling altar of Nemelex Xobeh.
 11222 | D:9      | Noticed Harold
 11336 | D:8      | Killed Maggie
 11336 | D:8      | Reached ***** piety under Okawaru
 11497 | D:9      | Killed Harold
 11530 | D:9      | Found a staircase to the Lair.
 11673 | D:10     | Entered Level 10 of the Dungeon
 11892 | D:10     | Noticed Grum
 11942 | D:10     | Killed Grum
 12304 | D:10     | Found Dypis's Distillery.
 12308 | D:10     | Bought a potion of heal wounds for 65 gold pieces
 12308 | D:10     | Bought a potion of might for 52 gold pieces
 12497 | D:10     | Noticed Snorg
 13590 | D:10     | Noticed a seven-headed hydra
 13606 | D:10     | Killed a seven-headed hydra
 13606 | D:10     | Reached XP level 12. HP: 32/94 MP: 10/18
 14247 | D:11     | Received a gift from Okawaru
 14247 | D:11     | Reached skill level 16 in Polearms
 14250 | D:11     | Got a crude halberd {god gift}
 14251 | D:11     | Identified the +8 halberd "Vugrudwe" {chop, *Noise Str-2
                  | SInv Stlth+} (Okawaru gifted it to you on level 11 of the
                  | Dungeon)
 14278 | D:11     | Identified a scroll of acquirement
 14279 | D:11     | Identified the amulet "Unainoc" {Acrobat Int+3} (You
                  | acquired it on level 11 of the Dungeon)
 14340 | D:11     | Found a gate leading to a gauntlet.
 14350 | Gauntlet | Entered a Gauntlet
 14350 | Gauntlet | Found a transporter.
 14350 | Gauntlet | Found a transporter.
 14350 | Gauntlet | Found a transporter.
 14370 | Gauntlet | Found a transporter.
 14372 | Gauntlet | Found a large runed translucent door.
 14373 | Gauntlet | Found a large runed translucent door.
 14374 | Gauntlet | Found a large runed translucent door.
 14374 | Gauntlet | Found a large runed translucent door.
 14374 | Gauntlet | Found a runed translucent door.
 14374 | Gauntlet | Found a runed translucent door.
 14375 | Gauntlet | Found a large runed translucent door.
 14376 | Gauntlet | Found a large runed translucent door.
 14377 | Gauntlet | Found a large runed translucent door.
 14377 | Gauntlet | Found a large runed translucent door.
 14378 | Gauntlet | Found a runed translucent gate.
 14378 | Gauntlet | Found a runed translucent gate.
 14378 | Gauntlet | Found a runed translucent gate.
 14379 | Gauntlet | Noticed a ghost crab
 14380 | Gauntlet | Found a transporter.
 14384 | Gauntlet | Found a transporter.
 14394 | Gauntlet | Found a transporter.
 14394 | Gauntlet | Noticed a death scarab
 14404 | Gauntlet | Noticed a death scarab
 14415 | Gauntlet | Found a transporter.
 14420 | Gauntlet | Found a transporter.
 14421 | Gauntlet | Noticed a green death
 14424 | Gauntlet | Found a transporter.
 14427 | Gauntlet | Found a large runed translucent door.
 14427 | Gauntlet | Found a large runed translucent door.
 14428 | Gauntlet | Found a large runed translucent door.
 14429 | Gauntlet | Found a large runed translucent door.
 14430 | Gauntlet | Found a large runed translucent door.
 14430 | Gauntlet | Found a large runed translucent door.
 14431 | Gauntlet | Found a large runed translucent door.
 14432 | Gauntlet | Found a large runed translucent door.
 14434 | Gauntlet | Found a transporter.
 14438 | Gauntlet | Found a transporter.
 14618 | Gauntlet | Got a slimy brass ring
 14671 | Gauntlet | Killed a green death
 14696 | Gauntlet | Got a warped platinum ring
 14701 | Gauntlet | Identified the ring of Morality {*Drain rElec rC+ rN+ MR+}
                  | (You found it in a Gauntlet)
 14703 | Gauntlet | Identified the ring "Vejatzun" {Ice SInv} (You found it in
                  | a Gauntlet)
 14830 | Gauntlet | Identified the ring "Riss" {+Blink rElec rC+ Stlth-}
 14830 | Gauntlet | Noticed a minotaur
 15389 | Gauntlet | Slain by a minotaur

Levels and vault maps discovered:
D:1:      dpeg_arrival_circle_labyrinth_c, layout_basic
D:2:      cheibrodos_pilgrimage, layout_loops_ring,
          nicolae_dithmenos_through_a_glass_darkly, uniq_robin, uniq_sigmund
D:3:      layout_basic, general_overflow_altar, first_ration,
          chequers_decorated_corner, minivault_11, corexii_leaking_fountain
D:4:      layout_loops_cross, zin_academy, minmay_pentangle
D:5:      layout_loops_corners, minmay_temple_entry_poolview, serial_shops, shop
D:6:      layout_loops_cross, minmay_stone_trees_small
D:7:      layout_loops_cross
D:8:      layout_basic, kennysheep_little_box, enter_ossuary_1, uniq_maggie,
          uniq_erica, uniq_prince_ribbit1
D:9:      layout_irregular_city, lemuel_crystal_altar, minitemple,
          grunt_lair_entry_orc_guard_hut, uniq_harold, uniq_joseph, uniq_erolcha
D:10:     layout_gridville, serial_shops, shop, uniq_snorg, uniq_grum
D:11:     layout_stronghold, gauntlet_entry_generic, serial_column_ruins,
          column_ruins_square_small, column_ruins_circle_medium,
          column_ruins_open_small, column_ruins_columns_straight,
          column_ruins_open_medium_water, column_ruins_open_tiny, uniq_psyche
Gauntlet: gammafunk_gauntlet_hard_choice [gammafunk_gauntlet_arena_mazey,
          nicolae_gauntlet_arena_blocks,
          minmay_gauntlet_arena_make_your_own_arena, nicolae_gauntlet_swirl,
          gammafunk_gauntlet_arena_crates,
          gammafunk_gauntlet_arena_arrow_garden, gauntlet_exit_spiral]

Skill      XL: |  1  2  3  4  5  6  7  8  9 10 11 12 |
---------------+-------------------------------------+-----
Polearms       | 5 6 8 12 13 14 15 16 | 16.1
Armour         | 1 3 4 5 6 |  6.0
Fighting       | 5 7 8 9 |  9.7
Dodging        | 7 8 9 |  9.2
Invocations    | 4 6 7 |  7.3
Evocations     | 6 8 9 |  9.4
Throwing       | |  2.0
Stealth        | |  0.1

Action                   |  1- 3 |  4- 6 |  7- 9 | 10-12 || total
-------------------------+-------+-------+-------+-------++-------
Melee: Trident           |   114 |   131 |   642 |   640 ||  1527
       Punch             |       |       |       |     1 ||     1
       Halberd           |       |       |       |    68 ||    68
Invok: Heroism           |       |       |       |     2 ||     2
       Finesse           |       |       |       |     2 ||     2
Evoke: Wand              |       |       |     9 |    32 ||    41
  Use: Potion            |       |     4 |     1 |     7 ||    12
       Scroll            |       |     8 |    12 |     9 ||    29
 Stab: Sleeping          |       |       |       |     3 ||     3
       Distracted        |       |       |       |     2 ||     2
  Eat: Chunk             |     1 |     5 |    18 |    20 ||    44
       Ration            |       |       |       |     1 ||     1
Armor: Ring mail         |    28 |    19 |    34 |       ||    81
       Chain mail        |       |       |    88 |    77 ||   165
       Scale mail        |       |       |     6 |       ||     6
       Swamp dragon scal |       |       |       |    50 ||    50
Dodge: Dodged            |    64 |    67 |   196 |   299 ||   626

Table legend:
 A = Non-vault XP
 B = Vault XP
 C = Vault XP percentage of total XP
 D = Non-vault monster count
 E = Vault monster count
 F = Vault count percentage of total count
                 A         B        C        D         E       F
            +---------+---------+-------+---------+---------+-------
      Total |   10032 |    8340 |  45.4 |     250 |      81 |  24.5
            +---------+---------+-------+---------+---------+-------
        D:1 |      28 |       0 |   0.0 |      20 |       0 |   0.0
        D:2 |      33 |     336 |  91.1 |      15 |      14 |  48.3
        D:3 |      53 |       0 |   0.0 |      20 |       0 |   0.0
        D:4 |     460 |      46 |   9.1 |      15 |       3 |  16.7
        D:5 |     674 |       0 |   0.0 |      15 |       0 |   0.0
        D:6 |    1425 |       0 |   0.0 |      39 |       0 |   0.0
        D:7 |     590 |       0 |   0.0 |      25 |       0 |   0.0
        D:8 |    1890 |    2042 |  51.9 |      44 |       6 |  12.0
        D:9 |     917 |    2404 |  72.4 |      16 |       5 |  23.8
       D:10 |    2825 |     658 |  18.9 |      32 |       5 |  13.5
       D:11 |    1137 |       0 |   0.0 |       9 |       0 |   0.0
    Ossuary |       0 |     330 | 100.0 |       0 |      39 | 100.0
   Gauntlet |       0 |    2524 | 100.0 |       0 |       9 | 100.0
            +---------+---------+-------+---------+---------+-------
